 Dungeon Crawl Stone Soup version 0.23.2-33-g5129a83184 (webtiles) character file.

Game seed: 13815645808233131657

41 H0rd4k the Magician (level 3, 0/19 HPs)
             Began as a Deep Elf Wizard on July 9, 2019.
             Succumbed to an adder's poison
             ... on level 1 of the Dungeon.
             The game lasted 00:01:36 (666 turns).

H0rd4k the Magician (Deep Elf Wizard)                Turns: 666, Time: 00:01:37

Health: 0/19       AC:  2    Str:  4    XL:     3   Next: 32%
Magic:  5/12       EV: 13    Int: 28    God:
Gold:   50         SH:  0    Dex: 13    Spells: 7/13 levels left

rFire    . . .     SeeInvis .   (no weapon)
rCold    . . .     Gourm    .   (no shield)
rNeg     . . .     Faith    .   a - +0 robe
rPois    .         Spirit   .   b - +0 hat
rElec    .         Reflect  .   (no cloak)
rCorr    .         Harm     .   (no gloves)
MR       .....                  (no boots)
Stlth    ++........             (no amulet)
HPRegen  0.06/turn              (no ring)
MPRegen  0.13/turn              (no ring)

@: brilliant, lethally poisoned (0 -> -4), very slightly contaminated
A: no striking features
a: no special abilities


You were on level 1 of the Dungeon.
You were not hungry.

You visited 1 branch of the dungeon, and saw 2 of its levels.

You collected 50 gold pieces.

Inventory:

Armour
 a - a +0 robe (worn)
 b - a +0 hat (worn)
Scrolls
 c - 2 scrolls of amnesia {unknown}
 f - 2 scrolls of immolation {unknown}
Potions
 e - a potion of brilliance
Comestibles
 d - 3 rations


   Skills:
 + Level 2.6 Dodging
 + Level 2.6 Stealth
 + Level 5.8 Spellcasting
 + Level 1.5 Conjurations
   Level 1.1 Summonings
 + Level 1.1 Translocations


You had 7 spell levels left.
You knew the following spells:

 Your Spells              Type           Power        Failure   Level  Hunger
a - Magic Dart            Conj           ####         1%          1    None
b - Blink                 Tloc           N/A          1%          2    None
c - Conjure Flame         Conj/Fire      ####....     1%          3    None

Your spell library contained the following spells:

 Spells                   Type           Power        Failure   Level  Hunger
 Call Imp                 Summ           ####....     1%          2    None
 Slow                     Hex            ###.....     1%          2    None
 Mephitic Cloud           Conj/Pois/Air  ####....     1%          3    None


Dungeon Overview and Level Annotations

Branches:
Dungeon (2/15)

Altars:

Annotations:
D:1 exclusion: downstairs
D:2 Sigmund, Terence


Message History

You feel sick. The adder misses you. The adder barely misses you.
Casting: Magic Dart (safe; 4% risk of failure)
Confirm with . or Enter, or press ? or * to list all spells.
Aiming: Magic Dart (safe; 4% risk of failure)
Press: ? - help, Shift-Dir - straight line, f/p - adder
Aim: an adder (almost dead)
The magic dart hits the adder.
You kill the adder!
* * * LOW HITPOINT WARNING * * *
You feel sick.
It was a potion of brilliance.
You feel clever all of a sudden.
Okay, then.
There is a lethal amount of poison in your body!
* * * LOW HITPOINT WARNING * * *
You feel sick.
* * * LOW HITPOINT WARNING * * *
You feel sick.
You see here an adder corpse.
You die...

.#
#.#.#..##..#..#######...#.
##
#.................÷.......
#.#.#.####.(.######.#...##
#.....####...# #.#####
###........#.# #.# ###
#####.##...# #.# ..#
##...#..## #.# #.#
##.......#######.# #.#
#....>@..†..)....# #.#
#......#.#########
#.#########.#...##)#
...........#.#.###.#
............##.# #.#
#.#######...##.# #.#
#..............# #.#
#########...######.#
##.........#


There were no monsters in sight!

Vanquished Creatures
  An adder (D:1)
  An ooze (D:1)
  3 leopard geckos (D:1)
  2 bats (D:1)
  3 giant cockroaches (D:1)
  4 goblins (D:1)
  2 hobgoblins (D:1)
  A jackal (D:1)
  A ball python (D:1)
  A kobold (D:1)
  2 rats (D:1)
21 creatures vanquished.

Notes
Turn   | Place    | Note
-------+----------+-------------------------------------------
     0 | D:1      | H0rd4k the Deep Elf Wizard began the quest for the Orb.
     0 | D:1      | Reached XP level 1. HP: 10/10 MP: 7/7
    89 | D:1      | Reached skill level 5 in Spellcasting
    89 | D:1      | Reached XP level 2. HP: 13/15 MP: 2/10
   131 | D:1      | Learned a level 2 spell: Blink
   517 | D:1      | Reached XP level 3. HP: 19/19 MP: 10/12
   522 | D:1      | Learned a level 3 spell: Conjure Flame
   617 | D:2      | Noticed Terence
   642 | D:2      | Noticed Sigmund
   666 | D:1      | Succumbed to an adder's poison

Skill      XL: |  1 |
---------------+----+-----
Spellcasting   | 5 |  5.8
Dodging        | |  2.6
Stealth        | |  2.6
Conjurations   | |  1.5
Summonings     | |  1.1
Translocations | |  1.1

Action                   || total
-------------------------++-------
 Cast: Magic Dart        ||    48
  Use: Potion            ||     1
Armor: Robe              ||     3
Dodge: Dodged            ||    13
